 Dungeon Crawl Stone Soup version 0.18-a0-867-gfd1cc8f (webtiles) character file.

11 Raultor the Insei (level 2, 25/26 HPs)
             Began as a Draconian Monk on Dec 21, 2015.
             Quit the game on level 1 of the Dungeon.
             The game lasted 00:00:35 (258 turns).

Raultor the Insei (Draconian Monk)                   Turns: 258, Time: 00:00:35

Health: 25/26      AC:  4    Str: 13    XL:     2   Next: 13%
Magic:  2/2        EV: 13    Int: 10    God:
Gold:   0          SH:  0    Dex: 13    Spells: 0 memorised, 1 level left

rFire  . . .     SeeInvis .       - Unarmed
rCold  . . .     Gourm    .     (armour unavailable)
rNeg   . . .     Faith    .     (no shield)
rPois  .         Spirit   .     (helmet restricted)
rElec  .         Dismiss  .     (no cloak)
rCorr  .         Reflect  .     (no gloves)
SustAt .         Harm     .     (no boots)
MR     .....     Rnd*Tele +     (no amulet)
Stlth  ++........               (no ring)
                                h - ring of teleportation (curse) {+/*tele, !d}

@: not resistant to hostile enchantments, unstealthy
A: unfitting armour, cold-blooded, AC +4
a: Evoke Teleportation


You were on level 1 of the Dungeon.
You were not hungry.

You visited 1 branch of the dungeon, and saw 1 of its levels.

Inventory:

Jewellery
 h - a cursed ring of teleportation (left hand) {+/*tele, !d}
   (You found it on level 1 of the Dungeon)
Scrolls
 e - a scroll of remove curse {unknown}
 g - a scroll of teleportation {unknown}
Potions
 b - a potion of magic {unknown}
 c - a potion of mutation {unknown}
 f - a potion of heal wounds {unknown}
Comestibles
 a - a bread ration {@e1}
 d - 3 chunks of flesh {@w0}


   Skills:
 + Level 3.6 Fighting
 + Level 2.8 Dodging
 - Level 1.7 Stealth
 * Level 4.1 Unarmed Combat


You had one spell level left.
You didn't know any spells.

Dungeon Overview and Level Annotations

Branches:
Dungeon (1/15)

Altars:


Innate Abilities, Weirdness & Mutations

Your plain brown scales are hard (AC +4).
Your body does not fit into most forms of armour.
You are cold-blooded and may be slowed by cold attacks.


Message History

You open the door.
There is an open door here.
b - a murky pink potion You see here 20 arrows.
c - a fuming blue potion A giant gecko and a goblin come into view.
You miss the giant gecko. The giant gecko bites you.
You take 4 damage, and have 15/19 hp.
MASSIVE DAMAGE!!
You barely miss the giant gecko. You tail-slap the giant gecko.
You kill the giant gecko!
The goblin shouts!
The goblin hits you.
You take 2 damage, and have 13/19 hp.
You closely miss the goblin. The goblin misses you.
A hobgoblin comes into view. It is wielding a club.
The hobgoblin shouts!
You hit the goblin.
You kill the goblin!
You see here a goblin corpse.
The hobgoblin barely misses you.
A kobold comes into view. It is wielding a whip.
You hit the hobgoblin.
You kill the hobgoblin!
Things that are here:
a club; a hobgoblin corpse The kobold barely misses you.
You hit the kobold but do no damage. The kobold misses you.
You barely miss the kobold.
You tail-slap the kobold, but do no damage.
The kobold hits you but does no damage.
You closely miss the kobold. The kobold closely misses you.
You miss the kobold. The kobold completely misses you.
You closely miss the kobold. You tail-slap the kobold.
The kobold closely misses you.
You hit the kobold.
You kill the kobold!
No target in view!
Things that are here:
a club; a hobgoblin corpse You butcher the hobgoblin corpse.
d - 3 chunks of flesh {@w0}
Things that are here:
a club; a hobgoblin skeleton You see here a whip.
You see here a leather armour.
A rat comes into view.
You regained 3 hp, and now have 17/19 hp.
You closely miss the rat. The rat misses you.
You hit the rat.
You kill the rat!
No target in view!
A goblin comes into view. It is wielding a club.
The helpless goblin fails to defend itself.
You punch the goblin!
You kill the goblin!
No target in view!
Things that are here:
a club; a goblin corpse You see here a mace.
e - a scroll labeled SUN CYFUCURHIKK Health restored: 19
f - a viscous coppery potion
Found a stone staircase leading down.
No target in view!
A kobold comes into view.
The helpless kobold fails to defend itself.
You hit the kobold but do no damage. The kobold closely misses you.
You hit the kobold.
You kill the kobold!
You have reached level 2!
Health restored: 26; MP restored: 2 A goblin comes into view.
The helpless goblin fails to defend itself.
You punch the goblin!
You kill the goblin!
No target in view!
A rat comes into view.
The rat barely misses you.
You hit the rat but do no damage.
Your tail-slap misses the rat.
You hit the rat.
You kill the rat!
No target in view!
g - a scroll labeled JUD BEPEGI
h - a twisted glass ring Put on which piece of jewellery? (? for menu, Esc to quit)
You feel slightly jumpy.
Oops, that ring feels deathly cold.
h - a cursed ring of teleportation (left hand)
A goblin comes into view. It is wielding a club.
The goblin shouts!
The goblin misses you.
You barely miss the goblin. You barely miss the goblin.
The goblin hits you with a club.
You take 2 damage, and have 24/26 hp.
You hit the goblin but do no damage. The goblin closely misses you.
You hit the goblin.
You kill the goblin!
No target in view!
Things that are here:
a club; a goblin corpse

##.#.# ##...# ##.#.#
##.#.# ##..## .# .....# .#
##...#..##################
.#...#..#.......@........#
.#.#....#.##############.#
.#.#.#..# ..#.# .#.#.#..#
#.#.# .#......# #.#.#
####...## #.#.# ........#
#.#.#
#####...##############.#.#


There were no monsters in sight!

Vanquished Creatures
  A giant gecko (D:1)
  A hobgoblin (D:1)
  2 kobolds (D:1)
  4 goblins (D:1)
  2 rats (D:1)
10 creatures vanquished.

Notes
Turn   | Place    | Note
--------------------------------------------------------------
     0 | D:1      | Raultor the Draconian Monk began the quest for the Orb.
     0 | D:1      | Reached XP level 1. HP: 19/19 MP: 1/1
   173 | D:1      | Reached XP level 2. HP: 26/26 MP: 2/2
   258 | D:1      | Quit the game

Vault maps used:
D:1:      tarquinn_simple_flora_water_f

Action                   || total
-------------------------++-------
Melee: Unarmed           ||    23
 Stab: Sleeping          ||     3

Vault maps used:
D:1:      tarquinn_simple_flora_water_f

Table legend:
 A = Turns spent in this place as a percentage of turns spent in the entire game.
 B = Non-inter-level travel turns spent in this place as a percentage of non-inter-level travel turns spent in the entire game.
 C = Inter-level travel turns spent in this place as a percentage of turns spent in this place.
 D = Turns resting spent in this place as a percentage of non-inter-level travel turns spent in this place.
 E = Turns spent auto-exploring this place as a percentage of non-inter-level travel turns spent in this place.
 F = Non-inter-level travel turns spent in this place divided by the number of levels of this place that you've seen.
                   A       B       C       D       E      F
               +-------+-------+-------+-------+-------+----------------------
         Total | 100.0 | 100.0 |   0.0 |   0.0 |  22.9 |  70.0
       Dungeon | 100.0 | 100.0 |   0.0 |   0.0 |  22.9 |  70.0
               +-------+-------+-------+-------+-------+----------------------

Table legend:
 A = Kills in this place as a percentage of kills in entire the game.
 B = Kills by you in this place as a percentage of kills by you in the entire game.
 C = Kills by friends in this place as a percentage of kills by friends in the entire game.
 D = Other kills in this place as a percentage of other kills in the entire game.
 E = Experience gained in this place as a percentage of experience gained in the entire game.
 F = Experience gained in this place divided by the number of levels of this place that you have seen.
                   A       B       C       D       E      F
               +-------+-------+-------+-------+-------+----------------------
         Total | 100.0 | 100.0 |  -nan |  -nan | 100.0 |  16.0
       Dungeon | 100.0 | 100.0 |  -nan |  -nan | 100.0 |  16.0
               +-------+-------+-------+-------+-------+----------------------
